 Dungeon Crawl Stone Soup version 0.30.0-11-gf55b779eaf (webtiles) character file.

Game seed: 7126252611863730636

95 hikkokomori the Vexing (level 4, 0/22 HPs)
             Began as a Spriggan Hexslinger on May 17, 2023.
             Slain by an iguana (9 damage)
             ... on level 3 of the Dungeon.
             The game lasted 00:09:15 (2894 turns).

hikkokomori the Vexing (Spriggan Hexslinger)        Turns: 2894, Time: 00:09:15

Health: 0/22       AC:  2    Str:  6    XL:     4   Next: 40%
Magic:  8/8        EV: 18    Int: 14    God:
Gold:   144        SH:  0    Dex: 17    Spells: 7/8 levels left

rFire   . . .        a - +1 sling
rCold   . . .        (no shield)
rNeg    . . .        c - +0 robe
rPois   .            (helmet restricted)
rElec   .            (no cloak)
rCorr   .            (gloves unavailable)
SInv    +            (boots unavailable)
Will    .....        (no amulet)
Stlth   ++           (no ring)
HPRegen 0.23/turn    (no ring)
MPRegen 0.11/turn

%: no passive effects
@: very quick
A: very small, no large weapons, unfitting armour, see invisible, speed 3
a: no special abilities


You were on level 3 of the Dungeon.
You visited 1 branch of the dungeon, and saw 4 of its levels.

You collected 144 gold pieces.

Inventory:

Hand Weapons
 a - a +1 sling (weapon)
 o - a +2 dagger of venom
Missiles
 i - 6 curare-tipped darts
Armour
 c - a +0 robe (worn)
Scrolls
 b - 2 scrolls of poison
 e - 5 scrolls of identify {unknown}
 f - a scroll of teleportation {unknown}
 h - 3 scrolls of fear {unknown}
 j - 2 scrolls of blinking {unknown}
 k - a scroll of vulnerability {unknown}
 l - a scroll of immolation {unknown}
 n - a scroll of enchant armour {unknown}
 r - a scroll of brand weapon {unknown}
Potions
 d - 2 potions of ambrosia {unknown}
 g - a potion of brilliance {unknown}
 m - a potion of heal wounds {unknown}
 p - a potion of attraction {unknown}
 q - a potion of might {unknown}


   Skills:
 + Level 1.5 Fighting
 + Level 2.8 Ranged Weapons
 + Level 3.5 Dodging
 + Level 2.6 Spellcasting
 + Level 4.3 Hexes


You had 7 spell levels left.
You knew the following spells:

 Your Spells              Type           Power      Damage    Failure   Level
a - Slow                  Hex            52%        N/A       3%          1

Your spell library contained the following spells:

 Spells                   Type           Power      Damage    Failure   Level
 Inner Flame              Hex/Fire       7%         N/A       28%         3
 Portal Projectile        Hex/Tloc       14%        N/A       28%         3
 Cause Fear               Hex            6%         N/A       36%         4
 Ignite Poison            Fire/Tmut/Pois 1%         N/A       56%         3
 Sticky Flame             Conj/Fire      1%         2d3       92%         4
 Ignition                 Fire           0%         3d3       100%        8


Dungeon Overview and Level Annotations

Branches:
Dungeon (4/15)
 Temple: D:4-7

Altars:
Ru

Shops:
D:1 [


Innate Abilities, Weirdness & Mutations

You are very small and have problems with some larger weapons.
You are too small for most types of armour.
You have supernaturally acute eyesight. (SInv)
You cover ground extremely quickly. (Speed+++)


Message History

Done exploring.
Done exploring.
Done exploring.
No target in view!
No target in view!
There is a large open door here.
There is a large open door here.
There is a stone staircase leading down here.
You climb downwards.
Found a scroll labelled USYSYD KEOM.
Found a stone staircase leading down.
There is a stone staircase leading up here.
You shoot a sling bullet.
The sling bullet hits the iguana but does no damage.
The iguana hisses angrily.
The orc priest shouts!
The iguana hisses angrily.
You hear a shout!
The iguana barely misses you.
The orc wizard shouts!
You hear a shout!
The iguana closely misses you.
You climb upwards.
There is a stone staircase leading down here.
You shoot a sling bullet.
The sling bullet barely misses the iguana.
The iguana misses you.
You shoot a sling bullet. The sling bullet hits the iguana!
The iguana is heavily wounded.
The iguana misses you.
You shoot a sling bullet.
The sling bullet barely misses the iguana.
The iguana completely misses you. The iguana bites you!
Ouch! That really hurt!
You shoot a sling bullet.
The sling bullet barely misses the iguana.
The iguana barely misses you.
You shoot a sling bullet.
The sling bullet closely misses the iguana.
The iguana completely misses you.
You shoot a sling bullet.
The sling bullet barely misses the iguana.
The iguana closely misses you. The iguana bites you!
You die...

## ######## .#
#......#
.#####......#
....##......######
....''..........@#
....##.......##.l#
....##.......##.##
....##.......#..##
....##...........#
....##......##.#.#
....##......#..#.#
....#########.##.#
....# #.....#


You could see an iguana.

Vanquished Creatures
  3 adders
  2 worms (D:3)
  A dart slug (D:2)
  4 orcs (D:3)
  2 endoplasms
  4 giant cockroaches
  2 goblins
  6 hobgoblins
  3 jackals (D:1)
  5 quokkas
  2 ball pythons (D:3)
  9 bats
  3 frilled lizards (D:1)
  6 kobolds
  2 rats
54 creatures vanquished.

Notes
Turn   | Place    | Note
-------+----------+-------------------------------------------
     0 | D:1      | hikkokomori the Spriggan Hexslinger began the quest for the
                  | Orb.
     0 | D:1      | Reached XP level 1. HP: 9/9 MP: 3/3
   130 | D:1      | Reached skill level 1 in Fighting
   135 | D:1      | Reached XP level 2. HP: 12/14 MP: 5/5
   239 | D:1      | Found Egigicle's Antique Armour Emporium.
   852 | D:2      | Reached XP level 3. HP: 14/18 MP: 7/7
   906 | D:2      | Found a sacrificial altar of Ru.
   914 | D:2      | Reached skill level 4 in Hexes
  2347 | D:3      | Reached XP level 4. HP: 22/22 MP: 8/8
  2894 | D:3      | Slain by an iguana

Illustrated notes

Levels and vault maps discovered:
D:1:      lightli_iron_boxes, layout_rooms, serial_bayou, serial_bayou_ford_a,
          serial_bayou_lake_a, serial_bayou_pond_d, serial_bayou_lagoon_b,
          serial_shops, shop, minivault_24
D:2:      layout_basic, serial_rivers, chequers_serial_rivers_small_3,
          chequers_serial_rivers_large_a, chequers_serial_rivers_micro_c,
          chequers_serial_rivers_small_3, chequers_serial_rivers_room_a,
          basic_altar, kennysheep_generic_room_7
D:3:      layout_basic
D:4:      layout_cave_pools

Skill      XL: |  1  2  3 |
---------------+----------+-----
Fighting       | 1 |  1.5
Dodging        | 3 |  3.5
Spellcasting   | 2 |  2.6
Hexes          | 4 |  4.3
Ranged Weapons | |  2.8

Action                     |  1- 3 |  4- 6 || total
---------------------------+-------+-------++-------
   Fire: Sling             |   194 |    44 ||   238
 Armour: Robe              |    14 |     4 ||    18
  Dodge: Dodged            |   117 |    25 ||   142
